 Dungeon Crawl Stone Soup version 0.24.0-123-gd5b16e6ec5 (webtiles) character file.

Game seed: 17616711898031931432, levelgen mode: deterministic

587 Locuples the Sneak (level 7, -1/50 HPs)
             Began as a Demonspawn Assassin on Jan 23, 2020.
             Slain by a gnoll
             ... wielding a +0 spear
              (4 damage)
             ... on level 4 of the Dungeon.
             The game lasted 00:15:20 (4047 turns).

Locuples the Sneak (Demonspawn Assassin)            Turns: 4047, Time: 00:15:21

Health: -1/50      AC: 11    Str: 11    XL:     7   Next: 15%
Magic:  7/7        EV: 12    Int: 13    God:
Gold:   174        SH:  0    Dex: 16    Spells: 6/6 levels left

rFire    . . .     SeeInvis .   r - +1 short sword (speed)
rCold    . . .     Gourm    .   (no shield)
rNeg     . . .     Faith    .   q - +0 robe
rPois    .         Spirit   .   (no helmet)
rElec    .         Reflect  .   b - +1 cloak
rCorr    .         Harm     .   (no gloves)
MR       .....                  x - +0 pair of boots
Stlth    ++++......             (no amulet)
HPRegen  0.16/turn              (no ring)
MPRegen  0.10/turn              (no ring)

@: sanguine armour
A: claws 1, sanguine armour 1
a: no special abilities


You were on level 4 of the Dungeon.
You were very hungry.

You visited 1 branch of the dungeon, and saw 4 of its levels.

You collected 174 gold pieces.

Inventory:

Hand Weapons
 a - a +3 dagger
 r - a +1 short sword of speed (weapon)
Missiles
 d - 9 poisoned darts (quivered)
 e - 2 curare-tipped darts
 h - 6 datura-tipped darts
Armour
 b - a +1 cloak (worn)
 q - a +0 robe (worn)
 x - a +0 pair of boots (worn)
Scrolls
 c - a scroll of amnesia {unknown}
 i - 5 scrolls of teleportation
 n - a scroll of noise {unknown}
 p - a scroll of identify {unknown}
 s - 2 scrolls of magic mapping {unknown}
 v - a scroll of enchant weapon
Potions
 g - 4 potions of haste
 j - 2 potions of curing {unknown}
 k - a potion of might
 l - a potion of agility {unknown}
 m - a potion of cancellation {unknown}
 o - a potion of invisibility {unknown}
 t - a potion of heal wounds {unknown}
 u - 2 potions of flight {unknown}
Comestibles
 f - 10 rations


   Skills:
 - Level 2.0 Fighting
 + Level 4.1 Short Blades
 - Level 1.7 Throwing
 - Level 0.8 Dodging
 * Level 7.4 Stealth


You had 6 spell levels left.
You didn't know any spells.
Your spell library was empty.

Dungeon Overview and Level Annotations

Branches:
Dungeon (4/15)
 Temple: D:4-7

Altars:


Innate Abilities, Weirdness & Mutations

You have sharp fingernails.
When seriously injured, your bleeding wounds create armour. (AC +6)


Message History

Aim: a gnoll, wielding a +0 spear (heavily wounded, poisoned)
You throw a poisoned dart.
The poisoned dart closely misses the gnoll.
The gnoll misses you.
The gnoll looks more healthy.
You feel sick.
You are no longer poisoned.
The gnoll hits you but does no damage.
You barely miss the gnoll.
The gnoll is heavily wounded.
You hit the gnoll but do no damage.
The gnoll is heavily wounded.
The gnoll hits you with a +0 spear!
* * * LOW HITPOINT WARNING * * *
You hit the gnoll but do no damage.
The gnoll is heavily wounded.
You puncture the gnoll!
The gnoll is almost dead.
The gnoll hits you with a +0 spear.
You die...

##############
#............#
#.##########.#
#.# #.# #@#
#.# #g# #.#
#.# ### #.#
#.# .... #.#
.. #.#
.....#.####
..## #.#
...........#
..... #.#
...........#
... #.#
...........##
...#(#
......#......


You could see a gnoll.

Vanquished Creatures
  A water moccasin (D:3)
  A phantom (D:4)
  A scorpion (D:4)
  A bullfrog skeleton (D:4)
  An orc priest (D:3)
  3 orc wizards
  Crazy Yiuf (D:3)
  Jessica (D:3)
  5 adders
  An ooze (D:2)
  3 worms
  2 dart slugs (D:1)
  2 leopard geckos
  10 orcs
  A ball python (D:1)
  6 giant cockroaches
  8 goblins
  8 hobgoblins
  6 kobolds
  9 bats
  9 frilled lizards
  8 rats
88 creatures vanquished.

Notes
Turn   | Place    | Note
-------+----------+-------------------------------------------
     0 | D:1      | Locuples the Demonspawn Assassin began the quest for the
                  | Orb.
     0 | D:1      | Reached XP level 1. HP: 16/16 MP: 1/1
    51 | D:1      | Reached skill level 4 in Stealth
   401 | D:1      | Gained mutation: When seriously injured, your bleeding
                  | wounds create armour. (AC +6) [demonic ancestry]
   401 | D:1      | Reached XP level 2. HP: 5/22 MP: 2/2
  1135 | D:2      | Gained mutation: You have sharp fingernails. [demonic
                  | ancestry]
  1135 | D:2      | Reached XP level 3. HP: 12/27 MP: 3/3
  1539 | D:2      | Reached skill level 5 in Stealth
  1592 | D:2      | Reached XP level 4. HP: 18/33 MP: 4/4
  2360 | D:3      | Noticed a water moccasin
  2365 | D:3      | Killed a water moccasin
  2365 | D:3      | Reached XP level 5. HP: 32/38 MP: 5/5
  2369 | D:3      | Reached skill level 6 in Stealth
  2513 | D:3      | Noticed Jessica
  2539 | D:3      | Killed Jessica
  2838 | D:3      | Found a runed translucent door.
  2841 | D:3      | Noticed Crazy Yiuf
  2848 | D:3      | Killed Crazy Yiuf
  2848 | D:3      | Reached XP level 6. HP: 44/44 MP: 6/6
  3649 | D:4      | Reached skill level 7 in Stealth
  3967 | D:4      | Reached XP level 7. HP: 30/50 MP: 7/7
  4047 | D:4      | Slain by a gnoll

Levels and vault maps discovered:
D:1:      psy_arrival_terrarium, layout_rooms
D:2:      layout_basic
D:3:      layout_basic, first_ration, serial_glass, glass_columns_a,
          glass_columns_a, roderic_roman_lattice, uniq_crazy_yiuf_cottage,
          uniq_jessica
D:4:      layout_basic, minmay_pentomino_pile, uniq_blork_the_orc

Skill      XL: |  1  2  3  4  5  6 |
---------------+-------------------+-----
Stealth        | 4 5 6 7 |  7.4
Short Blades   | 2 3 4 |  4.1
Fighting       | |  2.0
Throwing       | |  1.7
Dodging        | |  0.8

Action                   |  1- 3 |  4- 6 |  7- 9 || total
-------------------------+-------+-------+-------++-------
Melee: Dagger            |   129 |   195 |     4 ||   328
       Short sword       |       |     9 |     7 ||    16
Throw: Dart              |    16 |    29 |     3 ||    48
  Use: Scroll            |       |     3 |       ||     3
       Potion            |       |     1 |       ||     1
 Stab: Sleeping          |     3 |     8 |       ||    11
       Distracted        |     1 |       |       ||     1
  Eat: Chunk             |     2 |     7 |       ||     9
Armor: Robe              |    44 |    62 |     7 ||   113
Dodge: Dodged            |    85 |   105 |     5 ||   195
